 Dungeon Crawl Stone Soup version 0.28-a0-973-ga7f8b01127 (webtiles) character file.

Game seed: 6262306730813025528

20080 vurker the Thaumaturge (level 13, -8/99 HPs)
             Began as a Djinni Air Elementalist on Dec 1, 2021.
             Was a Priest of Makhleb.
             Mangled by a death yak (11 damage)
             ... on level 3 of the Lair of Beasts.
             The game lasted 00:19:09 (21916 turns).

vurker the Thaumaturge (Djinni Air Elementalist)   Turns: 21916, Time: 00:19:10

Health: -8/99      AC:  9    Str:  7    XL:     13   Next: 9%
Gold:   920        EV: 17    Int: 22    God:    Makhleb [***...] SH:  0 Dex: 14

rFire   + + .      SeeInvis .   k - +3 dagger (venom)
rCold   x . .      Faith    .   (no shield)
rNeg    . . .      Spirit   .   a - +0 robe
rPois   ∞          Reflect  .   m - +1 helmet
rElec   .          Harm     .   (no cloak)
rCorr   .          Rampage  .   D - +0 pair of gloves
Will    +....                   (boots unavailable)
Stlth   ++........              (no amulet)
HPRegen 0.26/turn               e - +4 ring of evasion
MPRegen 0.00/turn               r - +4 ring of protection

@: flying
A: sickness immunity, fire resistance 2, cold vulnerability 1, float, innate
caster, hp casting, extra vitality 1
a: Renounce Religion, Minor Destruction, Lesser Servant of Makhleb


You were on level 3 of the Lair of Beasts.
You worshipped Makhleb.
Makhleb was most pleased with you.
You visited 3 branches of the dungeon, and saw 16 of its levels.

You collected 920 gold pieces.

Inventory:

Hand Weapons
 k - a +3 dagger of venom (weapon)
   (You took it off a goblin on level 2 of the Dungeon)
 o - the +9 hunting sling "Naul" {freeze, rElec Int+3}
   (You found it on level 4 of the Lair of Beasts)

   Any ammunition fired from it freezes those it strikes, dealing additional
   cold damage.
   It can also slow down cold-blooded creatures.
   Int:       It affects your intelligence (+3).
   rElec:     It insulates you from electricity.
Missiles
 x - 3 throwing nets
Armour
 a - a +0 robe (worn)
 m - a +1 helmet (worn)
   (You found it on level 3 of the Dungeon)
 D - a +0 pair of gloves (worn)
   (You found it on level 3 of the Lair of Beasts)
Jewellery
 e - a +4 ring of evasion (left hand)
   (You found it on level 1 of the Dungeon)
 r - a +4 ring of protection (right hand)
   (You took it off an orc on level 4 of the Dungeon)
 C - a ring of positive energy
   (You found it on level 4 of the Dungeon)
Wands
 d - a wand of iceblast (13)
   (You found it on level 7 of the Dungeon)
 q - a wand of polymorph (13)
   (You found it on level 8 of the Dungeon)
 t - a wand of flame (35)
   (You found it on level 5 of the Dungeon)
 u - a wand of paralysis (3)
   (You found it on level 3 of the Lair of Beasts)
Scrolls
 b - 3 scrolls of teleportation
 c - 4 scrolls of immolation
 i - a scroll of fear
 j - 2 scrolls of identify
 l - 5 scrolls of blinking
 p - a scroll of enchant weapon
 y - a scroll of magic mapping
Potions
 f - 3 potions of curing
 g - 6 potions of brilliance
 h - a potion of degeneration {unknown}
 n - 5 potions of haste
 s - 3 potions of ambrosia
 v - a potion of heal wounds
 w - 3 potions of cancellation
 z - a potion of lignification {unknown}
 B - 2 potions of mutation {unknown}


   Skills:
 + Level 11.0 Fighting
 + Level 3.1 Dodging
 - Level 1.5 Stealth
 * Level 12.3 Spellcasting
 + Level 8.3 Invocations


You had 8 spell levels left.
You knew the following spells:

 Your Spells              Type           Power      Damage    Failure   Level
a - Shock                 Conj/Air       100%       1d9       1%          1
b - Hailstorm             Conj/Ice       61%        3d13      1%          4
c - Airstrike             Air            30%        N/A       1%          4
d - Static Discharge      Conj/Air       61%        N/A       1%          2
e - Summon Small Mammal   Summ           100%       N/A       1%          1
f - Corpse Rot            Necr/Air       100%       N/A       1%          2
g - Ozocubu's Armour      Ice            61%        N/A       1%          3
h - Tukima's Dance        Hex            61%        N/A       1%          3
i - Swiftness             Air            61%        N/A       1%          3
j - Yara's Violent Unrav  Hex/Tmut       30%        3d13      1%          5
Your spell library was empty.

Dungeon Overview and Level Annotations

Branches:
Dungeon (11/15)            Temple (1/1) D:7            Lair (4/6) D:8
 Shoals (0/4) Lair:3       Spider (0/4) Lair:3
    Orc: D:9-12

Altars:
Cheibriados
Dithmenos
Makhleb
Trog
Uskayaw
Yredelemnul
Zin

Shops:
D:1 [   D:2 *[!*(   D:5 =   D:8 *

Annotations:
Lair:2 1 runed translucent door, rigao's ghost, journeyman OpVM
Lair:3 2 transporters, 1 runed translucent door, Izit's ghost, journeyman DECj


Innate Abilities, Weirdness & Mutations

You are immune to sickness and miasma.
You are immune to poison.
Your flesh is very heat resistant. (rF++)
You are vulnerable to cold. (rC-)
You float through the air rather than walking.
You learn spells naturally, not from books.
Your magical power is your life essence.
You have superior vitality. (+4 HP)


Message History

* * * LOW HITPOINT WARNING * * *
Aim: a death yak (almost dead, empty space bonus: 5/8)
The air twists around and strikes the death yak!
You kill the death yak!
Makhleb accepts your kill.
You feel better.
Your Fighting skill increases to level 11!
Your Dodging skill increases to level 3!
There is a stone staircase leading up here.
You fly upwards.
Level annotation: 1 runed translucent door, rigao's ghost, journeyman OpVM
There is a stone staircase leading down here.
You start resting.
You fly downwards.
Level annotation: 2 transporters, 1 runed translucent door, Izit's ghost, journeyman DECj The death yak gores you! x2
There is a stone staircase leading up here.
Aim: a death yak (empty space bonus: 6/8)
The air twists around and strikes the death yak!
The death yak completely misses you.
Aim: a death yak (lightly wounded, empty space bonus: 6/8)
The air twists around and strikes the death yak!
The death yak gores you.
Aim: a death yak (moderately wounded, empty space bonus: 6/8)
The air twists around and strikes the death yak!
The death yak gores you!
* * * LOW HITPOINT WARNING * * *
Aim: a death yak (heavily wounded, empty space bonus: 6/8)
The air twists around and strikes the death yak!
* * * LOW HITPOINT WARNING * * *
The death yak barely misses you.
Aim: a death yak (heavily wounded, empty space bonus: 6/8)
The air twists around and strikes the death yak!
* * * LOW HITPOINT WARNING * * *
The death yak gores you!
* * * LOW HITPOINT WARNING * * *
Aim: a death yak (severely wounded, empty space bonus: 6/8)
The air twists around and strikes the death yak!
* * * LOW HITPOINT WARNING * * *
The death yak gores you!!
* * * LOW HITPOINT WARNING * * *
You don't have enough health to cast this spell.
Unknown command.
You don't have enough health to cast this spell.
You don't have enough health to cast this spell.
The mass of ice explodes!
The iceblast engulfs the death yak.
The death yak completely misses you.
The mass of ice explodes!
The iceblast engulfs the death yak!
The death yak gores you!
You die...

..### ### ##....####### ...####
##P...##...# ......#
#........### .#..### #####
##.........### ###..##
####P..####....##.##...#
#....####.............#####....#
###...##..............## ###...
##P.).......Y........## ##.Y
##.......#.#@........## ##. ####
##....####.....#.#...## #.
#..###.....# ##....#.##...## ##
..P#.#....## #.#..######...###
...........# ###...# ##....##
##.........# #..## ##....#
##........## #...# #...##
##..........# ###..## ##...#
......#.....###...## #....#


You could see a death yak.

Vanquished Creatures
  2 death yaks (Lair:3)
  Urug (Lair:3)
  An oklob plant (Lair:3)
  2 black mambas (Lair:3)
  10 cane toads
  3 rime drakes
  8 komodo dragons
  2 unseen horrors
  A jumping spider (Lair:3)
  3 hornets
  A snapping turtle (Lair:3)
  2 wyverns
  14 yaks
  A wraith (D:10)
  2 steam dragons
  Edmund (D:6)
  12 water moccasins
  Duvessa (D:4)
  An ice beast (D:6)
  3 orc warriors (D:8)
  3 black bears
  A sky beast (D:5)
  2 ogres (D:5)
  20 wolves
  3 centaurs
  A kobold brigand (D:8)
  14 bullfrogs
  3 gnoll sergeants
  2 scorpions (D:5)
  A water moccasin zombie (D:6)
  Dowan (D:4)
  A howler monkey (D:6)
  3 centaur zombies
  5 hounds
  A jelly (D:7)
  2 bullfrog zombies
  A gnoll shaman (D:10)
  2 orc priests (D:8)
  A centaur skeleton (D:7)
  3 iguanas (D:5)
  Terence (D:2)
  11 orc wizards
  A scorpion zombie (D:4)
  4 hell rats (Lair:2)
  2 howler monkey zombies
  17 gnolls
  7 adders
  A shadow imp (D:7)
  An ufetubus (D:6)
  A worm (D:3)
  3 dart slugs
  46 orcs
  5 endoplasms
  3 giant cockroaches
  5 goblins
  13 hobgoblins
  9 jackals
  5 quokkas
  4 ball pythons
  9 bats
  4 frilled lizards
  19 kobolds
  9 rats
321 creatures vanquished.

Vanquished Creatures (others)
  An ogre (D:4)
  11 fungi
  11 plants
  4 withered plants (D:3)
27 creatures vanquished.

Grand Total: 348 creatures vanquished

Notes
Turn   | Place    | Note
-------+----------+-------------------------------------------
     0 | D:1      | vurker the Djinni Air Elementalist began the quest for the
                  | Orb.
     0 | D:1      | Reached XP level 1. HP: 15/15 MP: 0/0
    31 | D:1      | Reached XP level 2. HP: 8/22 MP: 0/0
   518 | D:1      | Reached skill level 1 in Fighting
   611 | D:1      | Found Uroa's Antique Armour Shop.
   650 | D:1      | Reached XP level 3. HP: 21/27 MP: 0/0
   650 | D:1      | Learned a level 1 spell: Summon Small Mammal
   780 | D:1      | Reached skill level 3 in Spellcasting
  1367 | D:2      | Found Xakiab's Armour Shoppe.
  1562 | D:2      | Reached XP level 4. HP: 25/32 MP: 0/0
  1647 | D:2      | Found Imao's Assorted Antiques.
  1669 | D:2      | Noticed Terence
  1677 | D:2      | Killed Terence
  1951 | D:2      | Found Plog's Distillery.
  2001 | D:2      | Found Tiwulini's Assorted Antiques.
  2400 | D:2      | Found Cyfi's Weapon Emporium.
  2700 | D:3      | Reached XP level 5. HP: 35/38 MP: 0/0
  2700 | D:3      | Learned a level 2 spell: Corpse Rot
  3304 | D:3      | Found a faded altar of an unknown god.
  3719 | D:3      | Reached skill level 4 in Spellcasting
  3879 | D:4      | Noticed Dowan
  3926 | D:4      | Noticed an ogre
  3926 | D:4      | Noticed a steam dragon
  3935 | D:4      | Killed an ogre
  3936 | D:4      | Reached XP level 6. HP: 38/45 MP: 0/0
  3941 | D:4      | Killed a steam dragon
  4079 | D:4      | Reached XP level 7. HP: 29/50 MP: 0/0
  4079 | D:4      | Learned a level 3 spell: Ozocubu's Armour
  4251 | D:4      | Noticed Duvessa
  4763 | D:4      | Reached skill level 5 in Spellcasting
  4890 | D:4      | Killed Duvessa
  4959 | D:4      | Killed Dowan
  5670 | D:5      | Entered Level 5 of the Dungeon
  5730 | D:5      | Reached XP level 8. HP: 55/58 MP: 0/0
  5930 | D:5      | Reached skill level 6 in Spellcasting
  6283 | D:5      | Reached skill level 5 in Fighting
  6569 | D:5      | Found Qorosaja's Jewellery Boutique.
  7082 | D:6      | Noticed Edmund
  7098 | D:6      | Killed Edmund
  7099 | D:6      | Reached skill level 7 in Spellcasting
  7099 | D:6      | Reached XP level 9. HP: 34/66 MP: 0/0
  7099 | D:6      | Learned a level 3 spell: Tukima's Dance
  8326 | D:7      | Killed an unseen horror
  8327 | D:7      | Reached skill level 8 in Spellcasting
  8968 | D:7      | Found a staircase to the Ecumenical Temple.
  8986 | Temple   | Entered the Ecumenical Temple
  9033 | Temple   | Became a worshipper of Makhleb the Destroyer
  9326 | D:7      | Found a shadowy altar of Dithmenos.
  9795 | D:8      | Reached skill level 1 in Invocations
  9798 | D:8      | Reached XP level 10. HP: 50/75 MP: 0/0
 10416 | D:8      | Found Cumatsut's Assorted Antiques.
 10442 | D:8      | Reached skill level 9 in Spellcasting
 10647 | D:8      | Found a staircase to the Lair.
 11003 | D:8      | You are sucked into a shaft and drop 2 floors!
 11003 | D:10     | Entered Level 10 of the Dungeon
 11044 | D:10     | Reached * piety under Makhleb
 13750 | D:11     | Killed an unseen horror
 13751 | D:11     | Reached XP level 11. HP: 60/82 MP: 0/0
 13751 | D:11     | Learned a level 4 spell: Hailstorm
 13947 | D:11     | Noticed a skeletal warrior
 13948 | D:11     | Noticed a skeletal warrior
 13948 | D:11     | Noticed a skeletal warrior
 14076 | Lair:1   | Entered Level 1 of the Lair of Beasts
 14087 | Lair:1   | Reached ** piety under Makhleb
 14308 | Lair:1   | Reached skill level 10 in Spellcasting
 14338 | Lair:1   | Found a hide-covered altar of Uskayaw.
 14469 | Lair:1   | Reached skill level 5 in Invocations
 15121 | Lair:1   | You are sucked into a shaft and drop 1 floor!
 15400 | Lair:2   | HP: 4/84 [hell rat (16)]
 16865 | Lair:2   | Reached skill level 11 in Spellcasting
 17025 | Lair:2   | Reached *** piety under Makhleb
 17064 | Lair:2   | Reached XP level 12. HP: 33/91 MP: 0/0
 17366 | Lair:2   | Found a runed translucent door.
 17366 | Lair:2   | Noticed rigao's ghost (journeyman OpVM)
 17368 | Lair:2   | Identified the +7 trident of the Special Thickets {vorpal,
                  | Contam rElec rPois Int+4}
 17368 | Lair:2   | Noticed a spriggan rider
 17696 | Lair:2   | Reached skill level 10 in Fighting
 18153 | Lair:3   | Found a hole to the Spider Nest.
 18332 | Lair:3   | Found a staircase to the Shoals.
 18608 | Lair:3   | Noticed Urug
 18614 | Lair:3   | Killed Urug
 19166 | Lair:3   | Found a transporter.
 19169 | Lair:3   | Found a transporter.
 19170 | Lair:3   | Noticed a boulder beetle
 19487 | Lair:3   | Found a runed translucent door.
 19488 | Lair:3   | Noticed Izit's ghost (journeyman DECj)
 20573 | Lair:4   | Reached skill level 12 in Spellcasting
 21053 | Lair:4   | Identified the +9 hunting sling "Naul" {freeze, rElec
                  | Int+3}
 21421 | Lair:4   | Reached XP level 13. HP: 77/98 MP: 0/0
 21421 | Lair:4   | Learned a level 5 spell: Yara's Violent Unravelling
 21914 | Lair:3   | HP: 3/99 [death yak (18)]
 21916 | Lair:3   | Mangled by a death yak

Illustrated notes

Levels and vault maps discovered:
D:1:      lightli_arrival_quake, layout_loops_ring, serial_shops,
          nicolae_shop_hallway_plus
D:2:      layout_loops_corners, serial_shops, shop, nicolae_shop_hallway_stairs,
          shop_fountains, shop, nicolae_shop_temple_entry_statues_fountains,
          minmay_misc_feat_nine_boxes, grunt_ministairs_7,
          kennysheep_minor_cross, uniq_terence
D:3:      minmay_diamond_boxcup, layout_basic,
          shapermc_ecumenical_altar_flowoftime
D:4:      minmay_chambers_of_fours, layout_cave_pools, uniq_duvessa
D:5:      layout_loops_ring, serial_shops, nicolae_lakefront_shop
D:6:      layout_loops_cross, uniq_edmund
D:7:      layout_loops_ring, grunt_dithmenos_smoke_and_mirrors,
          minmay_temple_entry_waves
D:8:      layout_basic, lair_entry_dummy, serial_shops,
          nicolae_shop_advertising_works [nicolae_subvault_shop_adworks]
D:9:      layout_basic
D:10:     layout_basic
D:11:     layout_grid_maze
Temple:   mainiacjoe_temple_archimedes_tessellation
Lair:1:   layout_long_grid, basic_altar, beast_lair_carwin_7,
          grunt_megastairs_1, serial_bayou_shore_b
Lair:2:   layout_hall_layers, ebering_ghost_funeral_grove,
          gauntlet_entry_generic
Lair:3:   gammafunk_boulding_lane, layout_layer_cave, minmay_shoals_entry_hut,
          spider_nest_entry_rubble, hellmonk_ghost_happy_afterlife,
          minmay_lair_oklob_items, uniq_urug
Lair:4:   layout_layer_cave, small_statue_intersection

Skill      XL: |  1  2  3  4  5  6  7  8  9 10 11 12 13 |
---------------+----------------------------------------+-----
Fighting       | 1 2 3 4 5 7 8 9 10 11 | 11.0
Spellcasting   | 3 4 5 7 8 9 11 12 | 12.3
Invocations    | 1 4 6 8 |  8.3
Dodging        | 3 |  3.1
Stealth        | |  1.5

Action                   |  1- 3 |  4- 6 |  7- 9 | 10-12 | 13-15 || total
-------------------------+-------+-------+-------+-------+-------++-------
Melee: Dagger            |       |    34 |    15 |     5 |       ||    54
 Cast: Shock             |    69 |   119 |   135 |    30 |       ||   353
       Airstrike         |       |       |    80 |   335 |    24 ||   439
       Hailstorm         |       |       |       |    11 |       ||    11
Evoke: Wand              |       |       |       |       |     2 ||     2
  Use: Scroll            |       |       |    12 |    14 |     1 ||    27
 Stab: Sleeping          |       |     1 |       |       |       ||     1
Armor: Robe              |     1 |     1 |    16 |    19 |     2 ||    39
Dodge: Dodged            |    11 |    21 |    60 |    69 |    15 ||   176

Table legend: (Time is in decaauts)
 A = Elapsed time spent in this place.
 B = Non-inter-level travel time spent in this place.
 C = Inter-level travel time spent in this place.
 D = Time resting spent in this place.
 E = Time spent auto-exploring this place.
 F = Levels seen in this place.
 G = Mean time per level.
                   A        B        C        D        E       F      G
               +--------+--------+--------+--------+--------+-----+--------+
         Total |  21925 |  21177 |    748 |   1286 |  17955 |  16 | 1370.3 |
       Dungeon |  14026 |  13409 |    617 |    641 |  11462 |  11 | 1275.1 |
        Temple |     56 |     48 |      8 |      0 |     35 |   1 |   56.0 |
          Lair |   7842 |   7719 |    123 |    645 |   6458 |   4 | 1960.5 |
               +--------+--------+--------+--------+--------+-----+--------+

Top non-repeatable levels by time:
  Lair:2: 2461 daAuts
  Lair:3: 2268 daAuts
     D:3: 1699 daAuts
  Lair:1: 1646 daAuts
     D:8: 1585 daAuts
     D:2: 1466 daAuts
  Lair:4: 1466 daAuts
     D:6: 1431 daAuts
     D:9: 1414 daAuts
     D:7: 1370 daAuts
     D:4: 1306 daAuts
     D:5: 1207 daAuts
     D:1: 1200 daAuts
    D:10: 955 daAuts
    D:11: 388 daAuts
